 Dungeon Crawl Stone Soup version 0.21.1-1-g345015f (webtiles) character file.

282 MrElk the Slasher (level 6, 0/56 HPs)
             Began as a Minotaur Berserker on July 25, 2018.
             Was a Follower of Trog.
             Slain by a hound (3 damage)
             ... on level 4 of the Dungeon.
             The game lasted 00:18:30 (3417 turns).

MrElk the Slasher (Minotaur Berserker)              Turns: 3417, Time: 00:18:30

Health: 0/56       AC:  9    Str: 23    XL:     6   Next: 6%
Magic:  5/5        EV:  9    Int:  4    God:    Trog [*.....]
Gold:   148        SH:  0    Dex: 10    Spells: 5/5 levels left

rFire    . . .     SeeInvis .   a - +0 falchion
rCold    . . .     Gourm    .   (no shield)
rNeg     . . .     Faith    +   u - +0 chain mail
rPois    .         Spirit   .   (helmet restricted)
rElec    .         Reflect  .   (no cloak)
rCorr    .         Harm     .   (no gloves)
MR       .....                  (no boots)
Stlth    ..........             p - amulet of faith
HPRegen  0.18/turn              (no ring)
MPRegen  0.09/turn              (no ring)

@: berserk cooldown, slowed, very slow
A: retaliatory headbutt, horns 2
a: Berserk, Burn Spellbooks, Renounce Religion


You were on level 4 of the Dungeon.
You worshipped Trog.
Trog was aware of your devotion.
You were near starving.

You visited 1 branch of the dungeon, and saw 4 of its levels.

You collected 148 gold pieces.

Inventory:

Hand Weapons
 a - a +0 falchion (weapon)
Missiles
 e - 101 stones (quivered)
 k - 11 poisoned needles
 q - 23 bolts
 r - 8 curare-tipped needles
 s - 31 arrows
Armour
 b - a +0 animal skin
 u - a +0 chain mail (worn)
Jewellery
 p - an amulet of faith (around neck)
 v - an uncursed amulet of rage
Scrolls
 g - 2 scrolls of fog
 h - a scroll of blinking {unknown}
 i - 3 scrolls of teleportation
 j - a scroll of amnesia
 m - a scroll of remove curse
 w - a scroll of identify
Potions
 d - 2 potions of lignification
 f - a potion of brilliance {unknown}
 l - a potion of agility {unknown}
 n - a potion of flight {unknown}
 o - a potion of curing {unknown}
 t - 2 potions of haste
Comestibles
 c - 5 rations


   Skills:
 + Level 5.3 Fighting
 + Level 6.1 Long Blades
 + Level 3.2 Armour
 + Level 3.3 Dodging
 + Level 0.6 Stealth


You had 5 spell levels left.
You didn't know any spells.

Dungeon Overview and Level Annotations

Branches:
Dungeon (4/15)
 Temple: D:4-7

Altars:


Innate Abilities, Weirdness & Mutations

You reflexively headbutt those who attack you in melee.
You have a pair of horns on your head.


Message History

* * * LOW HITPOINT WARNING * * *
Something hits you but does no damage. The hound bites you but does no damage.
You're too confused!
You feel less confused. The hound bites you.
* * * LOW HITPOINT WARNING * * *
You hear some strange, mumbled words.
A magic dart appears from out of thin air!
The magic dart hits you!
* * * LOW HITPOINT WARNING * * *
The hound bites you but does no damage.
You slash the hound!
The hound is heavily wounded.
The hound barely misses you. Something hits you but does no damage.
The hound bites you.
* * * LOW HITPOINT WARNING * * *
You hit the hound but do no damage.
The hound is heavily wounded.
The hound bites you.
You die...

#...........#
##.........
#...........#
#..........
#...........#
#..........
#..........##
#...........
#..........#
#...........
#..........#
#...........
##.........#
##...........
##.......##
#............
##......#
#..@.........
##..####
##.h{........
####
##))$.......
#†.........
#..#.......#
#..###.......
..## #...###
..# #### ....


You could see a hound.

Vanquished Creatures
  The ghost of Rwicked the Stinger, an amateur DrVM of Ashenzari (D:3)
  An orc priest (D:4)
  2 orc wizards (D:4)
  A worker ant (D:4)
  5 adders
  2 worms
  A dart slug (D:1)
  A leopard gecko (D:2)
  An orc (D:4)
  7 giant cockroaches
  6 goblins
  6 hobgoblins
  A quokka (D:2)
  4 ball pythons
  3 bats
  A frilled lizard (D:3)
  A kobold (D:1)
  5 rats
49 creatures vanquished.

Notes
Turn   | Place    | Note
-------+----------+-------------------------------------------
     0 | D:1      | MrElk the Minotaur Berserker began the quest for the Orb.
     0 | D:1      | Reached XP level 1. HP: 19/19 MP: 0/0
   337 | D:1      | Reached XP level 2. HP: 27/27 MP: 1/1
   811 | D:2      | Reached skill level 4 in Long Blades
  1008 | D:2      | Reached XP level 3. HP: 28/33 MP: 2/2
  2584 | D:3      | Reached ** piety under Trog
  2584 | D:3      | Reached XP level 4. HP: 41/41 MP: 3/3
  2872 | D:3      | Reached skill level 5 in Long Blades
  3064 | D:3      | Noticed Rwicked's ghost (amateur DrVM)
  3085 | D:3      | Killed Rwicked's ghost
  3085 | D:3      | Reached skill level 5 in Fighting
  3085 | D:3      | Reached XP level 5. HP: 31/48 MP: 4/4
  3399 | D:4      | Reached skill level 6 in Long Blades
  3403 | D:4      | Reached XP level 6. HP: 20/56 MP: 5/5
  3417 | D:4      | Slain by a hound

Skill      XL: |  1  2  3  4  5 |
---------------+----------------+-----
Fighting       | 4 5 |  5.3
Long Blades    | 4 5 6 |  6.1
Dodging        | 3 |  3.3
Armour         | 3 |  3.2
Stealth        | |  0.6

Action                   |  1- 3 |  4- 6 || total
-------------------------+-------+-------++-------
Melee: Falchion          |    76 |    47 ||   123
       Headbutt          |    19 |    10 ||    29
Invok: Berserk           |       |     1 ||     1
  Use: Scroll            |     3 |     3 ||     6
  Eat: Ration            |     2 |       ||     2
Armor: Animal skin       |     9 |       ||     9
       Chain mail        |       |    18 ||    18
Dodge: Dodged            |    42 |    20 ||    62
       Rpst.: Falchion   |    11 |     1 ||    12
